Map: Orbital Shipyard

Players

State - Winner!

  • Race: Protoss Protoss
  • League: Grandmaster

IIIIIIIIIIII

  • Race: Protoss Protoss
  • League: Master

VOD

Have the link to the VOD?

Description

Time

  • Played on: Dec. 27, 2015, 9:46 p.m.
  • Length: 4:58
Show
View Real Time Build Order
Export as new Build Order

State Protoss - Winner!

Build Orders: 1 Gate Expand 

Get SALT Encoding   

  12  0:01  Probe (Chrono Boost)  
  13  0:13  Probe (Chrono Boost)  
  14  0:19  Pylon  
  14  0:23  Probe (Chrono Boost)  
  15  0:37  Gateway, Probe (Chrono Boost)  
  16  0:43  Assimilator  
  16  0:48  Probe (Chrono Boost)  
  17  0:58  Probe (Chrono Boost)  
  18  1:10  Probe (Chrono Boost)  
  19  1:18  Nexus  
  19  1:22  Probe (Chrono Boost)  
  20  1:31  Cybernetics Core  
  20  1:34  Probe (Chrono Boost)  
  21  1:40  Assimilator  
  21  1:45  Probe (Chrono Boost)  
  22  1:49  Pylon  
  22  1:55  Probe (Chrono Boost)  
  27  2:08  Mothership Core (Chrono Boost)  
  27  2:12  Stalker  
  27  2:21  Warp Gate  
  27  2:26  Probe (Chrono Boost)  
  28  2:30  Probe (Chrono Boost)  
  30  2:37  Probe (Chrono Boost)  
  30  2:40  Probe (Chrono Boost)  
  31  2:46  Stalker  
  31  2:48  Probe (Chrono Boost)  
  31  2:50  Twilight Council  
  34  2:52  Probe (Chrono Boost)  
  34  2:58  Probe (Chrono Boost)  
  36  3:02  Probe (Chrono Boost)  
  37  3:09  Probe (Chrono Boost)  
  38  3:13  Probe (Chrono Boost)  
  38  3:18  Stalker, Pylon  
  38  3:19  Probe (Chrono Boost)  
  42  3:25  Gateway  
  42  3:26  Gateway  
  42  3:28  Probe (Chrono Boost)  
  42  3:30  Probe (Chrono Boost)  
  44  3:37  Probe  
  45  3:45  Probe, Pylon  
  46  3:50  Probe  
  46  3:53  Pylon  
  47  3:57  Probe  
  47  4:01  Gateway  
  48  4:05  Probe  
  48  4:06  Robotics Facility  
  49  4:17  Assimilator  
  49  4:21  Pylon  
  49  4:23  Pylon  
  51  4:27  Stalker x2  
  51  4:29  Stalker  
Show
View Real Time Build Order
Export as new Build Order

IIIIIIIIIIII Protoss 

Build Orders:  

Get SALT Encoding   

  12  0:01  Probe (Chrono Boost)  
  13  0:11  Probe (Chrono Boost)  
  14  0:18  Pylon  
  14  0:22  Probe (Chrono Boost)  
  15  0:36  Probe (Chrono Boost)  
  15  0:38  Gateway  
  15  0:41  Gateway  
  16  0:46  Probe (Chrono Boost)  
  16  0:49  Assimilator  
  17  0:57  Probe (Chrono Boost)  
  18  1:05  Gateway  
  18  1:08  Probe (Chrono Boost)  
  19  1:11  Assimilator  
  19  1:19  Probe (Chrono Boost)  
  20  1:30  Cybernetics Core  
  20  1:31  Probe (Chrono Boost)  
  21  1:39  Pylon  
  21  1:48  Probe (Chrono Boost)  
  22  2:06  Stalker x2  
  22  2:07  Warp Gate (Chrono Boost)  
  26  2:16  Robotics Facility  
  26  2:35  Gateway  
  26  2:36  Gateway  
  26  2:44  Pylon  
  26  2:50  Stalker  
  28  3:06  Warp Prism (Chrono Boost)  
  30  3:18  Stalker  
  32  3:30  Pylon  
  32  3:32  Pylon  
  32  3:59  Stalker  
  32  4:00  Stalker x3  
  40  4:15  Pylon  
  40  4:36  Adept  
  40  4:37  Adept x3  
Tags
 
Add a new tag
Caveats
  • Supply blocks, unpowered buildings, or Contaminate may cause inaccurate times.
  • Supply counts are checked every 10 seconds.